 Dungeon Crawl Stone Soup version 0.21-a0-450-gd87a9b2 (webtiles) character file.

39 slep the Slasher (level 3, -10/33 HPs)
             Began as a Hill Orc Monk on Nov 18, 2017.
             Killed by divine providence
             ... invoked by an orc priest
              (13 damage)
             ... on level 3 of the Dungeon.
             The game lasted 00:05:13 (1542 turns).

slep the Slasher (Hill Orc Monk)                    Turns: 1542, Time: 00:05:14

Health: -10/33     AC:  5    Str: 13    XL:     3   Next: 45%
Magic:  3/3        EV: 12    Int: 10    God:
Gold:   106        SH:  0    Dex: 14    Spells: 0/2 levels left

rFire    . . .     SeeInvis .   a - +0 falchion
rCold    . . .     Gourm    .   (no shield)
rNeg     . . .     Faith    .   e - +0 leather armour
rPois    .         Spirit   .   (no helmet)
rElec    .         Reflect  .   (no cloak)
rCorr    .         Harm     .   (no gloves)
MR       .....                  j - +1 pair of boots
Stlth    ++........             (no amulet)
HPRegen  0.11/turn              (no ring)
MPRegen  0.08/turn              (no ring)

@: no status effects
A: no striking features
a: Convert to Beogh


You were on level 3 of the Dungeon.
You were not hungry.

You visited 1 branch of the dungeon, and saw 3 of its levels.

You collected 106 gold pieces.

Inventory:

Hand Weapons
 a - a +0 falchion (weapon)
Missiles
 l - a throwing net (quivered)
Armour
 b - a +0 robe
 e - a +0 leather armour (worn)
 j - a +1 pair of boots (worn)
Scrolls
 d - 2 scrolls of identify {unknown}
 g - a scroll of remove curse {unknown}
 k - a scroll of blinking {unknown}
 o - a scroll of noise {unknown}
 s - a scroll of magic mapping {unknown}
Potions
 f - 2 potions of lignification {unknown}
 p - a potion of resistance {unknown}
 q - a potion of curing {unknown}
 r - a potion of might {unknown}
Books
 n - a book of Minor Magic

   Spells                             Type                      Level
   a - Magic Dart                     Conjuration                  1
   b - Blink                          Translocation                2
   c - Call Imp                       Summoning                    2
   d - Slow                           Hexes                        2
   e - Conjure Flame                  Conjuration/Fire             3
   f - Mephitic Cloud                 Conjuration/Poison/Air       3
Comestibles
 c - 2 bread rations
 h - a meat ration
 i - 2 fruits
 m - 2 royal jellies


   Skills:
 + Level 4.0 Fighting
 + Level 4.1 Long Blades
 + Level 0.2 Armour
 + Level 2.7 Dodging
 + Level 1.7 Stealth


You couldn't memorise any spells.
You knew the following spells:

 Your Spells              Type           Power        Failure   Level  Hunger
a - Blink                 Tloc           N/A          58%         2    ###....


Dungeon Overview and Level Annotations

Branches:
Dungeon (3/15)

Altars:
Ashenzari
Hepliaklqana
Nemelex Xobeh
Ru
Vehumet
Xom
Zin


Message History

The orc priest hits you with a whip.
You barely miss the orc priest.
The orc priest is severely wounded.
The orc priest completely misses you.
The orc priest threatens, "By the altar or by the axe, you will meet Beogh!"
You hit the orc priest.
The orc priest is severely wounded.
The orc priest shouts, "Join the one true god or die!"
The orc priest misses you.
You hit the orc priest but do no damage.
The orc priest is severely wounded.
The orc priest invokes the aid of Beogh against you.
Beogh smites you!
* * * LOW HITPOINT WARNING * * *
The orc priest shouts, "Join the one true god or die!"
You hit the orc priest but do no damage.
The orc priest is severely wounded.
The orc priest invokes the aid of Beogh against you.
Beogh smites you!
You die...

#....# #...... #..†.#
#...... #####....###
#...... +........'.#
#...... ###.#....#.#
####### #.######.# #####
#.# #.## #...#
######.######..#######...#
........oo@.)............>.
o.%.###.#######.#######.###
.. #....................
##########.######.### #.##
#.# #..# #.# ######'#####.#
#............#
#............#


You could see an orc priest and an orc.

Vanquished Creatures
  A worm (D:2)
  A dart slug (D:1)
  A leopard gecko (D:2)
  2 orcs (D:3)
  A ball python (D:1)
  3 giant cockroaches
  4 goblins
  2 hobgoblins
  6 bats
  4 frilled lizards
  3 kobolds
  3 rats (D:1)
31 creatures vanquished.

Notes
Turn   | Place    | Note
-------+----------+-------------------------------------------
     0 | D:1      | slep the Hill Orc Monk began the quest for the Orb.
     0 | D:1      | Reached XP level 1. HP: 19/19 MP: 1/1
   191 | D:1      | Reached XP level 2. HP: 16/27 MP: 2/2
   871 | D:2      | Reached XP level 3. HP: 27/33 MP: 3/3
  1243 | D:2      | Learned a level 2 spell: Blink
  1296 | D:2      | Found a glowing silver altar of Zin.
  1297 | D:2      | Found a radiant altar of Vehumet.
  1301 | D:2      | Found a hazy altar of Hepliaklqana.
  1302 | D:2      | Found a shattered altar of Ashenzari.
  1305 | D:2      | Found a sparkling altar of Nemelex Xobeh.
  1306 | D:2      | Found a sacrificial altar of Ru.
  1450 | D:3      | Found a shimmering altar of Xom.
  1542 | D:3      | Killed from afar by an orc priest

Vault maps used:
D:1:      nzn_arrival_settlement, minmay_misc_feat_hallway,
          minmay_tiny_reverse_x
D:2:      minitemple, first_bread
D:3:      overflow_temple_1_default, marbit_many_paths,
          chequers_ecumenical_altar_simple, minmay_misc_feat_more_columns

Skill      XL: |  1  2  3 |
---------------+----------+-----
Fighting       | 4 |  4.0
Long Blades    | 4 |  4.1
Armour         | |  0.2
Dodging        | |  2.7
Stealth        | |  1.7

Action                   || total
-------------------------++-------
Melee: Falchion          ||   113
 Stab: Sleeping          ||     1
  Eat: Chunk             ||     2
Armor: Robe              ||     2
       Leather armour    ||    26
Dodge: Dodged            ||    66
       Rpst.: Falchion   ||    18

Table legend:
 A = Spawn XP
 B = Non-spawn XP
 C = Spawn XP percentage of total XP
 D = Spawn monster count
 E = Non-spawn monster count
 F = Spawn count percentage of total count
 G = Total turns spent on level
                    A         B        C        D         E        F      G
               +---------+---------+-------+---------+---------+-------+---------
         Total |       0 |      56 |   0.0 |       0 |      31 |   0.0 |  1542
               +---------+---------+-------+---------+---------+-------+---------
           D:1 |       0 |      29 |   0.0 |       0 |      18 |   0.0 |   799
           D:2 |       0 |      18 |   0.0 |       0 |       9 |   0.0 |   643
           D:3 |       0 |       9 |   0.0 |       0 |       4 |   0.0 |   100
               +---------+---------+-------+---------+---------+-------+---------
